Cogmind - Beta 16 @@@ ROGUE MODE // 2025.10.27 @ 01:45:27 Player: Naughtyusername Result: Destroyed by 6S-H0T with 6S-H0T's Six Shooter Performance ------------- Evolutions (9) 4500 Regions Visited (25) 5000 Robots Destroyed (385) 1925 Value Destroyed (14588) 14588 Prototype IDs (93) 1860 Alien Tech Used (0) 0 Bonus (9619) 9619 TOTAL SCORE: 37492 Bonus ------- High Alert Combat Kills 1921 Follower Combat Kills 2239 Network Hubs Disabled 400 Aligned with FarCom 300 Met Warlord at Base 500 MAIN.C Attacked Warlord 500 Warlord Defense Kills 6124 Built Enhanced Grunts 300 Met R17 at Cetus 500 Met R17 at Research 2000 Friendly Fire -5165 Cogmind --------- Core Integrity 0/1600 Matter 296/300 Energy 100/100 System Corruption 13% Temperature Cool (0) Movement Core (50) Location -1/Access Parts ------- > --- POWER (3) -------- (None) > --- PROPULSION (8) --- (None) > --- UTILITY (10) ----- (None) > --- WEAPON (4) ------- (None) > --- INVENTORY (5) ---- Experimental Matter Compressor (500) Advanced Force Field Hacking Suite Authchip [Device] Trap Reconfigurator Peak State ------------ > --- POWER ------------ Quantum Reactor Quantum Reactor Quantum Reactor > --- PROPULSION ------- Combat Gravmag System Cooled Antigrav System Combat Antigrav System Experimental Gyrokinetic Inverter Experimental Gyrokinetic Inverter Experimental Gyrokinetic Inverter Combat Linear Gravjet Combat Linear Gravjet > --- UTILITY ---------- Experimental Cooling System Large Storage Unit Advanced Gravity Neutralizer Spectral Analyzer Advanced Targeting Computer Weapon Mount Advanced Reaction Control System Centrium Medium Armor Plating Graphene Brace System Mapper > --- WEAPON ----------- Helical Railgun Helical Railgun Enhanced Hardcell Cannon Enhanced Hardcell Cannon > --- INVENTORY -------- Combat Gravmag System Experimental Cooling System Experimental Matter Compressor Advanced Recoil Stabilizer Advanced Transmission Jammer Improved Powered Armor Advanced Force Field Hacking Suite Authchip [Device] Long-range Tractor Beam Trap Reconfigurator [Rating: 207] Favorites ----------- Power Micro Fission Core Engine Light Angular Momentum Engine Power Core Micro Fission Core Reactor Vortex Chain Reactor Propulsion Cooled Gravmag System Hover Unit Cooled Gravmag System Utility Large Storage Unit Device Weapon Mount Storage Large Storage Unit Processor Spectral Analyzer Hackware System Mapper Protection Layered Medium Armor Plating Weapon Impact Mace Energy Gun Lightning Gun Energy Cannon Neutron Cannon Ballistic Gun Advanced KE Penetrator Ballistic Cannon Hardcell Cannon Launcher Neutron Missile Launcher Special Weapon Remote Datajack Impact Weapon Impact Mace Slashing Weapon Ripper Piercing Weapon Lance Build | -11 -10 -10 -10 -9 -8 -7 -6 -6 -6 -5 -5 -5 -5 -4 -4 -4 -4 -4 -4 -4 -4 -3 -3 -2 -1 ------- Run | Yrd Mat Min Exi Min Mat Fac Fac Was Fac Fac Upp Upp War Pro Fac Was Fac Ext Cet Arc Hub Res Arm Res Acc Slots Evolved 18 | . . . . . 4 2 2 . . 2 . . . . 2 . . . . . . 2 . 2 2 Power 2 | . . . . . . . 1 . . . . . . . . . . . . . . . . . 1 Propulsion 6 | . . . . . 2 1 1 . . . . . . . 2 . . . . . . . . . . Utility 8 | . . . . . 2 1 . . . 1 . . . . . . . . . . . 2 . 1 1 Weapon 2 | . . . . . . . . . . 1 . . . . . . . . . . . . . 1 . Parts Attached 258 | 3 7 1 1 . 6 8 18 . 19 56 11 3 9 4 6 3 5 12 5 . 4 24 5 31 17 Power 26 | . . . 1 . . . 4 . 4 4 3 . . . 2 . . . . . . 1 1 3 3 Engine 8 | . . . 1 . . . 4 . 1 . 1 . . . 1 . . . . . . . . . . Core 8 | . . . . . . . . . 2 4 2 . . . . . . . . . . . . . . Reactor 10 | . . . . . . . . . 1 . . . . . 1 . . . . . . 1 1 3 3 Propulsion 57 | . 3 . . . 2 4 7 . 3 12 . 1 1 . 4 . 1 1 1 . . 5 1 11 . Treads . | . . . . . . . . . . . . . . . . . . . . . . . . . . Leg . | . . . . . . . . . . . . . . . . . . . . . . . . . . Wheel . | . . . . . . . . . . . . . . . . . . . . . . . . . . Hover 57 | . 3 . . . 2 4 7 . 3 12 . 1 1 . 4 . 1 1 1 . . 5 1 11 . Flight . | . . . . . . . . . . . . . . . . . . . . . . . . . . Utility 87 | 1 3 . . . 2 3 2 . 6 17 6 1 4 3 . 2 2 4 . . 2 15 2 7 5 Device 45 | 1 . . . . . 1 1 . 2 11 4 1 2 2 . 2 . 1 . . 1 9 2 2 3 Storage 10 | . 1 . . . . . 1 . 2 2 . . . . . . 1 1 . . . 1 . . 1 Processor 13 | . 2 . . . 1 1 . . 1 3 . . 1 . . . . . . . . 1 . 3 . Hackware 8 | . . . . . 1 . . . . . . . . 1 . . 1 2 . . . 2 . 1 . Protection 11 | . . . . . . 1 . . 1 1 2 . 1 . . . . . . . 1 2 . 1 1 Artifact . | . . . . . . . . . . . . . . . . . . . . . . . . . . Weapon 88 | 2 1 1 . . 2 1 5 . 6 23 2 1 4 1 . 1 2 7 4 . 2 3 1 10 9 Energy Gun 6 | . . . . . . . 2 . . 2 . . 2 . . . . . . . . . . . . Energy Cannon 9 | . . . . . . . 1 . 1 2 . . 1 . . . 1 . . . . 1 1 1 . Ballistic Gun 34 | 2 . 1 . . . . 2 . 5 5 . . . . . . . 2 4 . 1 1 . 3 8 Ballistic Cannon 19 | . . . . . . . . . . 6 . 1 1 1 . . 1 3 . . . . . 5 1 Launcher 7 | . 1 . . . . . . . . 4 2 . . . . . . . . . . . . . . Special Weapon 1 | . . . . . . 1 . . . . . . . . . . . . . . . . . . . Impact Weapon 3 | . . . . . . . . . . 2 . . . . . . . . . . 1 . . . . Slashing Weapon 7 | . . . . . 2 . . . . 1 . . . . . . . 2 . . . 1 . 1 . Piercing Weapon 2 | . . . . . . . . . . 1 . . . . . 1 . . . . . . . . . Special Melee Weapon . | . . . . . . . . . . . . . . . . . . . . . . . . . . Unidentified Prototypes 52 | . . . . . . . . . 2 16 1 . 8 . 1 . 1 . 1 . 3 13 . 4 2 Corrupted Parts 2 | . . . . . . . 1 . . . . . . . . . . . 1 . . . . . . System Corruption 9 | . . . . . . . 7 . . . . . . . . . . . 2 . . . . . . Parts Lost 67 | . . . . . 7 2 . . 3 5 1 . 1 1 . . . 3 . . 1 5 10 1 27 Power 8 | . . . . . 1 . . . . . . . . . . . . . . . . . 2 . 5 Propulsion 20 | . . . . . 5 1 . . 1 2 . . . . . . . 1 . . . 2 3 . 5 Utility 17 | . . . . . . . . . 1 1 1 . 1 1 . . . . . . 1 1 3 . 7 Weapon 22 | . . . . . 1 1 . . 1 2 . . . . . . . 2 . . . 2 2 1 10 Highest Loss Streak 21 | . . . . . 4 2 . . 1 3 1 . 1 1 . . . 3 . . 1 3 5 1 21 To Critical Strikes 1 | . . . . . . . . . . 1 . . . . . . . . . . . . . . . Average Backups 12 | 2 4 7 7 8 7 4 6 9 11 14 14 15 14 13 14 15 15 15 14 15 14 14 14 14 13 Power . | 1 1 1 . . . . . 1 1 1 1 . . 2 1 . . . . . . . . . . Propulsion . | . . 1 1 1 . . 1 4 2 1 2 1 1 . . 1 . . . . . . . 1 1 Utility 8 | . 2 3 3 4 3 3 3 3 5 7 8 9 10 8 9 11 11 11 10 11 11 11 12 10 9 Weapon 2 | . . 2 3 3 3 . . 1 2 3 3 3 2 3 3 3 3 4 4 4 3 2 1 2 1 Tool/Special . | . . . . . . . . . . . . . . . . . . . . . . . . . . Unused Backups 31 | . 1 . . 1 2 1 . . 3 8 3 . 1 . 1 . 1 . . . . 2 1 1 5 Power 5 | . 1 . . . . . . . . . 2 . . . 1 . . . . . . . . . 1 Propulsion 4 | . . . . . . . . . . 2 . . . . . . 1 . . . . . . . 1 Utility 13 | . . . . . 1 1 . . 1 3 1 . 1 . . . . . . . . 2 . . 3 Weapon 9 | . . . . 1 1 . . . 2 3 . . . . . . . . . . . . 1 1 . Tool/Special . | . . . . . . . . . . . . . . . . . . . . . . . . . . Average Slot Usage (%) 88 | . 60 85 93 100 79 38 89 93 93 90 93 94 96 99 89 89 89 86 89 89 89 89 92 91 89 Engine 1 | . . . 8 14 5 1 13 13 1 . . 5 5 5 3 . . . . . . . . . . Core 3 | . . . . . . . . . 11 10 10 5 5 5 3 . . . . . . . . . . Reactor 2 | . . . . . . . . . . . . . . . 2 5 5 5 5 5 5 4 5 7 10 Hover 30 | . 11 28 28 28 23 3 33 33 33 26 29 29 34 35 33 36 36 33 36 36 36 33 34 32 29 Device 11 | . 2 . . . . . 5 6 6 11 12 11 18 17 15 15 14 15 15 15 15 16 11 13 17 Storage 5 | . 1 14 14 14 8 . 2 6 6 5 5 5 5 5 5 5 5 5 10 10 5 4 4 4 3 Processor 9 | . 16 14 14 14 14 17 13 13 13 12 11 10 5 5 5 5 5 5 5 5 5 6 9 10 9 Hackware 1 | . . . . . 8 7 4 . . . . . . . . . . . . . . 4 8 4 2 Protection 3 | . . . . . . . 5 6 6 3 3 5 3 4 5 5 5 4 . . 4 3 1 3 3 Ballistic Gun 6 | . 27 28 28 28 3 . 5 13 11 2 . . . . . . . 3 13 15 15 12 9 7 10 Ballistic Cannon 3 | . . . . . . . . . . 4 4 5 2 9 10 10 9 6 1 . . . . 4 2 Impact Weapon 1 | . . . . . . . . . . 3 5 4 2 5 5 3 5 3 . . . . . . . Peak Build Rating 207 | 3 8 8 10 10 22 22 66 67 70 104 106 110 126 118 141 137 136 142 142 142 147 161 158 186 207 Average Rating 104 | 1 5 7 9 10 18 13 50 66 66 85 104 104 115 115 125 134 133 127 136 142 146 155 146 166 181 On Entrance 85 | . 3 7 8 10 10 12 18 66 67 68 99 104 110 117 118 134 134 133 129 142 142 143 157 110 186 Avg Prop Armor Cover (%) 3 | . 10 . . . . . . . . . 3 . . . . . . . . . . . 6 2 . Naked Turns 39 | . . . . . . . . . . . . . . . . . . . . . . . . . 39 Heaviest Build 145 | 4 8 8 11 11 14 14 58 58 65 77 73 77 93 74 93 98 106 107 92 86 90 96 85 118 145 Greatest Support 131 | 3 12 12 12 12 25 27 62 62 66 78 68 68 70 70 94 93 110 100 95 95 95 113 108 122 131 Greatest Overweight (x) 3 | 1 1 . . . 3 1 . . 1 1 1 1 1 1 . 1 1 1 1 . . 1 2 1 2 Average Overweight (x) . | . . . . . . . . . . . . . . . . . . . . . . . . . . Largest Inventory Capacity 15 | 5 8 8 8 8 8 5 10 10 15 15 15 15 15 15 15 15 15 15 15 15 15 15 15 15 15 Average Capacity 13 | 5 5 8 8 8 7 5 6 10 12 15 15 15 15 15 15 15 15 15 15 15 15 15 15 15 14 Most Carried 15 | 3 6 8 8 8 8 5 10 10 15 15 15 15 15 15 15 15 15 15 15 15 15 15 15 15 15 Average Carried 13 | 2 4 7 7 7 7 4 6 9 11 14 14 14 14 14 14 15 14 14 14 15 14 14 14 14 13 Final Capacity 15 | 5 8 8 8 8 5 5 10 10 15 15 15 15 15 15 15 15 15 15 15 15 15 15 15 15 5 Final Carried 15 | 3 6 8 8 8 5 5 9 10 14 15 15 15 15 15 15 15 15 15 15 15 14 15 13 15 5 Class Distribution -------------------- 26% | Mutant 21% | Scout 10% | Hacker-Scout 7% | Commander-Mutant 7% | Scavenger-Scout 5% | Commander-Skirmisher 4% | Sprinter 3% | Scavenger-Mutant 3% | Tank Dominant Class ---------------- Mutant | -10/Materials Mutant | -10/Mines Mutant | -10/Exiles Mutant | -9/Mines Scavenger-Mutant | -8/Materials Mutant | -7/Factory Scout | -6/Factory Scout | -6/Waste Scout | -6/Factory Scout | -5/Factory Mutant | -5/Upper Caves Mutant | -5/Upper Caves Mutant | -5/Warlord Mutant | -4/Proximity Caves Scout | -4/Factory Sprinter | -4/Waste Sprinter | -4/Factory Commander-Mutant | -4/Extension Commander-Skirmisher | -4/Cetus Commander-Skirmisher | -4/Archives Commander-Skirmisher | -4/Hub_04(d) Scavenger-Scout | -3/Research Hacker-Scout | -3/Armory Hacker-Scout | -2/Research Hacker-Scout | -1/Access Resources | -11 -10 -10 -10 -9 -8 -7 -6 -6 -6 -5 -5 -5 -5 -4 -4 -4 -4 -4 -4 -4 -4 -3 -3 -2 -1 ----------- Run | Yrd Mat Min Exi Min Mat Fac Fac Was Fac Fac Upp Upp War Pro Fac Was Fac Ext Cet Arc Hub Res Arm Res Acc Matter Collected 17218 | 302 288 70 . 30 150 15 278 . 812 3205 594 74 1785 408 113 612 698 2408 602 198 360 1368 147 702 1999 Remotely 1624 | . . . . . . . . . . . . . . . . 274 212 . . . . 130 . . 1008 Salvage Created 17659 | 185 393 37 . 39 376 44 426 . 762 2666 667 . 1743 234 304 842 1553 2022 218 31 736 1968 283 277 1853 Parts 616 | 11 29 3 . 3 22 4 5 . 37 98 21 . 50 10 3 4 50 60 6 4 31 87 11 8 59 Haulers Intercepted 34 | . 1 . . . . 1 . . 3 8 1 . . . . . 4 1 . . 2 6 . 2 5 Recyclers Shooed 15 | . . . . . . . 4 . 2 2 . . . . . . 2 . . . . 1 . . 4 Parts Field Recycled . | . . . . . . . . . . . . . . . . . . . . . . . . . . Retrieved Matter . | . . . . . . . . . . . . . . . . . . . . . . . . . . Parts Self-Destructed 20 | . . . . . . . . . . . 12 . . 8 . . . . . . . . . . . Prevented 11 | . . . . . . . . . . . 6 . . 5 . . . . . . . . . . . Parts Restored . | . . . . . . . . . . . . . . . . . . . . . . . . . . Kills | -11 -10 -10 -10 -9 -8 -7 -6 -6 -6 -5 -5 -5 -5 -4 -4 -4 -4 -4 -4 -4 -4 -3 -3 -2 -1 ------- Run | Yrd Mat Min Exi Min Mat Fac Fac Was Fac Fac Upp Upp War Pro Fac Was Fac Ext Cet Arc Hub Res Arm Res Acc Combat Hostiles Destroyed 216 | . 7 1 . 1 5 . . . 5 28 12 . 61 6 . 4 10 32 3 . 7 14 4 1 15 Melee 14 | . . . . . 5 . . . . 8 . . . . . . 1 . . . . . . . . Guns 30 | . 3 1 . 1 . . . . 5 . . . . . . . . . 1 . 4 5 2 1 7 Cannons 52 | . . . . . . . . . . 13 5 . . . . 4 4 18 2 . . . 2 . 4 AOE 113 | . 4 . . . . . . . . 5 5 . 61 4 . . 5 14 . . 2 9 . . 4 Classes Destroyed 24 | 2 7 . . . 1 . . . 1 1 2 . 7 1 . 1 . 1 . . . . . . . Worker 30 | . 1 1 . . 1 . . . 1 4 . . . . 1 . 3 3 . . 1 7 . . 7 Builder 35 | . 1 . . . . . . . 4 4 . . . . 4 . 4 5 . . 1 11 . . 1 Tunneler 8 | 5 . . . . 1 . . . . . . . . . . . . 1 . . . 1 . . . Hauler 34 | . 1 . . . . 1 . . 3 8 1 . . . . . 4 1 . . 2 6 . 2 5 Recycler 25 | 1 1 . . . . . 3 . 1 4 . . . . 1 . 6 2 . . . 4 . . 2 Mechanic 2 | . . . . . . . . . . . . . 1 . . . . 1 . . . . . . . Operator 9 | . 1 . . . . . . . 1 2 . . . . . . 1 2 . 1 . 1 . . . Drone 1 | . . . . . . . . . . . . . . 1 . . . . . . . . . . . Watcher 12 | . 2 . . . 2 . . . . 2 . . . . 2 . 1 1 . . . . . . 2 Swarmer 28 | . 3 1 . . . . . . 2 9 . . 3 3 . . . . . . . 3 . . 4 Saboteur 7 | . . . . . . . . . . . . . 6 . . . . 1 . . . . . . . Grunt 88 | . 4 . . 1 3 . . . . 6 8 . 37 . . . 3 14 . . 1 9 . . 2 Brawler 6 | . . . . . . . . . . . . . 4 . . . . 2 . . . . . . . Duelist 5 | . . . . . . . . . . . . . 3 . . . . 2 . . . . . . . Protector 6 | . . . . . . . . . . . . . 4 1 . . . . . . 1 . . . . Sentry 17 | . . . . . 2 . . . 2 2 . . . . . . . 6 . . 1 2 1 1 . Demolisher 2 | . . . . . . . . . . . . . 1 . . . . 1 . . . . . . . Specialist 5 | . . . . . . . . . . . 1 . 2 1 . . . 1 . . . . . . . Hunter 21 | . . . . . . . . . . 2 2 . 1 2 . . 2 3 . . 2 . . . 7 Programmer 23 | . . . . . . . . . 1 9 1 . . . . . 5 . . . 2 . 3 . 2 Behemoth 2 | . . . . . . . . . . . . . . . . . . 2 . . . . . . . Compactor 4 | . . . . . . . . . . . . . . . . 4 . . . . . . . . . Cetus Guard 3 | . . . . . . . . . . . . . . . . . . . 3 . . . . . . Decomposer 4 | . . . . . . . . . . . 3 . . 1 . . . . . . . . . . . Samaritan 2 | . . . . . . . . . . . 2 . . . . . . . . . . . . . . Surgeon 1 | . . . . . . . . . . . . . . . . . 1 . . . . . . . . Thug 5 | . . . . . . . . . . . . . 4 . . . . 1 . . . . . . . Savage 2 | . . . . . . . . . . . . . 2 . . . . . . . . . . . . Martyr 2 | . . . . . . . . . . . . . . . . 2 . . . . . . . . . Mutant 1 | . . . . . . . . . . . . . 1 . . . . . . . . . . . . Best Kill Streak 13 | 6 4 1 . 1 2 1 2 . 3 8 6 . 13 3 5 1 6 12 2 1 5 11 3 1 5 Combat Bots Only 13 | . 3 1 . 1 2 . . . 2 6 5 . 13 3 . 1 3 7 2 . 3 4 3 1 4 Max Kills in Single Turn 9 | 1 2 1 . 1 1 1 1 . 1 4 4 . 9 2 1 1 3 5 1 1 3 7 1 1 3 Gunslinging 1 | . . . . . . . . . . . . . . . . . . . . . . 1 . . 1 Exploded 7 | . 2 . . . . . . . . 4 3 . 7 2 . . 1 3 . . 2 3 . . 3 Melee 2 | . . . . . 1 . . . . 2 . . . . . . 1 . . . . . . . . Uniques/NPCs Destroyed 1 | . . . . . . . . . . . . . . . . . . . 1 . . . . . . A7 (-4/Cetus) Combat | -11 -10 -10 -10 -9 -8 -7 -6 -6 -6 -5 -5 -5 -5 -4 -4 -4 -4 -4 -4 -4 -4 -3 -3 -2 -1 -------- Run | Yrd Mat Min Exi Min Mat Fac Fac Was Fac Fac Upp Upp War Pro Fac Was Fac Ext Cet Arc Hub Res Arm Res Acc Hostile Shots Fired 1492 | . 23 . . . 65 22 43 . 176 132 106 . 18 47 . . 37 72 6 10 55 49 118 6 507 Missed 585 | . 4 . . . 17 4 21 . 75 45 46 . 5 21 . . 14 26 3 6 31 17 43 3 204 Hits 907 | . 19 . . . 48 18 22 . 101 87 60 . 13 26 . . 23 46 3 4 24 32 75 3 303 Projectile 907 | . 19 . . . 48 18 22 . 101 87 60 . 13 26 . . 23 46 3 4 24 32 75 3 303 AOE 8 | . . . . . . . . . . 1 . . 2 . . . . 4 . . . . . . 1 Critical Strikes 56 | . . . . . 1 . 1 . 1 2 3 . 3 . . . 3 1 . . 3 1 6 . 31 Actively Blocked 25 | . . . . . . . . . . . . . 2 . . . . . . . . . . . 23 Part Disruptions 5 | . . . . . . . . . . . 2 . . . . . 1 . . . . . . . 2 Damage Taken 17717 | . 218 . . . 757 254 386 . 1096 1922 973 . 426 331 . . 463 1065 114 79 553 757 1588 70 6665 Core 2822 | . 107 . . . 354 52 73 . 90 92 95 . 22 52 . . 37 85 35 20 . 18 79 . 1611 Absorbed by Shields 672 | . . . . . . . . . . . . . . 95 . . . 165 41 29 36 54 . . 252 Redirected to Shielding 66 | . . . . . . . . . . . . . 66 . . . . . . . . . . . . Regen/Repaired (Parts) 495 | . . . . . . . . . 149 . . . 142 . . 85 . 107 . . . . . 12 . Core Remaining (%) 79 | 100 . . . 57 35 92 . . 80 . . . . 73 . . . . . . 84 . 92 100 . Volleys Fired 664 | 18 43 6 . 4 6 . 30 . 57 73 40 . 30 6 1 35 31 78 19 8 21 41 30 16 71 Largest 4 | 2 2 2 . 2 1 . 2 . 2 3 2 . 3 2 1 2 2 3 3 3 3 3 3 4 4 Hottest 292 | 40 40 40 . 40 30 . 110 . 115 166 141 . 147 98 55 110 110 165 131 105 105 108 186 292 192 Shots Fired 1406 | 36 80 12 . 8 6 . 54 . 111 137 52 2 52 8 1 70 49 170 53 23 62 104 53 31 232 Gun 746 | 36 74 12 . 8 . . 48 . 106 19 . . . . . . . 14 37 23 62 88 30 10 179 Cannon 536 | . . . . . . . 6 . 5 116 47 2 . 2 1 70 36 138 16 . . . 23 21 53 Launcher 124 | . 6 . . . 6 . . . . 2 5 . 52 6 . . 13 18 . . . 16 . . . Special . | . . . . . . . . . . . . . . . . . . . . . . . . . . Kinetic 1157 | 36 74 12 . 8 . . 32 . 106 109 10 1 . 2 1 70 36 152 53 23 62 88 30 20 232 Thermal 109 | . . . . . . . 6 . 5 26 37 1 . . . . . . . . . . 23 11 . Explosive 124 | . 6 . . . 6 . . . . 2 5 . 52 6 . . 13 18 . . . 16 . . . Electromagnetic 16 | . . . . . . . 16 . . . . . . . . . . . . . . . . . . Robot Hit Streak 32 | 8 9 3 . 5 . . 10 . 15 27 5 . 15 2 . 30 15 24 14 17 15 14 32 7 27 Robot Miss Streak 6 | 2 4 2 . 1 . . 4 . 4 3 6 . . 1 . 1 1 2 4 1 2 3 2 1 5 Penetration Max 2 | . . . . . . . 1 . 2 1 . . . . . . . 1 . 1 1 2 1 . 2 Secondary Targets 10 | . . . . . . . . . 2 . . . . . . . . . . . 1 2 . . 5 Max Gunslinging Chain 1 | . . . . . . . . . 1 . . . . . . . . . . . 1 1 . . 1 Shots Hit Robots 1012 | 24 48 6 . 7 22 2 30 . 74 146 29 . 14 8 8 66 47 128 36 20 49 64 33 13 138 Core Hits 716 | 11 25 5 . 1 8 1 10 . 28 59 17 . 197 7 1 16 33 97 12 7 25 73 8 4 71 Critical Kills 38 | . . . . . . . . . 4 14 1 . . . . . . 1 2 . 2 9 . 2 3 Critical Parts Destroyed 81 | . 1 . . . . . 5 . 5 36 2 . . 2 3 . 2 1 3 . 2 7 2 2 8 Critical Strikes 145 | . 1 . . . 1 . 6 . 9 51 3 . . 2 3 3 6 9 10 . 4 16 2 4 15 Destroy 104 | . 1 . . . . . 5 . 9 39 2 . . . . . . 1 10 . 4 16 2 4 11 Blast 17 | . . . . . . . . . . . . . . . . 2 4 7 . . . . . . 4 Corrupt 1 | . . . . . . . 1 . . . . . . . . . . . . . . . . . . Smash 20 | . . . . . . . . . . 11 1 . . 2 3 . 2 1 . . . . . . . Sever 1 | . . . . . 1 . . . . . . . . . . . . . . . . . . . . Impale 2 | . . . . . . . . . . 1 . . . . . 1 . . . . . . . . . Melee Attacks 274 | . . . . . 39 5 . . . 107 22 . 3 8 18 3 39 24 . . . 6 . . . Impact 177 | . . . . . . . . . . 68 22 . 3 8 18 . 39 19 . . . . . . . Slashing 62 | . . . . . 39 5 . . . 7 . . . . . . . 5 . . . 6 . . . Piercing 35 | . . . . . . . . . . 32 . . . . . 3 . . . . . . . . . Sneak Attacks 54 | . . . . . 3 1 . . . 15 5 . . 2 7 3 11 5 . . . 2 . . . Combat Hostiles 1 | . . . . . 1 . . . . . . . . . . . . . . . . . . . . Follow-up Attacks 9 | . . . . . 3 . . . . 6 . . . . . . . . . . . . . . . Damage Inflicted 63392 | 245 773 56 . 72 890 128 470 . 1530 5623 2527 . 16852 1299 899 2802 4418 8902 916 521 2156 5774 1236 288 5015 Guns 12301 | 245 520 56 . 72 . . 470 . 1530 340 . . . . . . . 368 748 521 1461 1837 801 84 3248 Cannons 11176 | . . . . . . . . . . 1484 412 . . . . 2513 863 4107 168 . . . 435 204 990 Explosions 29493 | . 253 . . . . . . . . 384 1063 . 16852 940 . . 1559 3516 . . 693 3705 . . 528 Melee 10171 | . . . . . 890 128 . . . 3415 1052 . . 359 899 289 1996 911 . . . 232 . . . Ramming 251 | . . . . . . . . . . . . . . . . . . . . . 2 . . . 249 Kinetic 21994 | 245 520 56 . 72 . . 219 . 1530 1413 68 . . . . 2513 863 4475 916 521 1461 1837 801 246 4238 Thermal 1508 | . . . . . . . . . . 411 344 . 107 . . . . . . . . 169 435 42 . Explosive 28014 | . 253 . . . . . . . . 384 1063 . 16659 940 . . 1559 3516 . . . 3536 . . 104 Electromagnetic 1454 | . . . . . . . 251 . . . . . 86 . . . . . . . 693 . . . 424 Impact 7050 | . . . . . . . . . . 2077 1052 . . 359 899 . 1996 667 . . . . . . . Slashing 1775 | . . . . . 890 128 . . . 281 . . . . . . . 244 . . . 232 . . . Piercing 1346 | . . . . . . . . . . 1057 . . . . . 289 . . . . . . . . . Highest Corruption 14 | . . . . . . . 7 7 7 8 14 9 9 1 . . 3 4 6 6 6 . 7 . 11 Average Corruption 4 | . . . . . . . 7 7 7 3 9 9 1 1 . . 1 3 5 6 6 . 6 . 3 Corruption Purged 5 | . . . . . . . . . . . 5 . . . . . . . . . . . . . . Corruption Blocked . | . . . . . . . . . . . . . . . . . . . . . . . . . . Effects 212 | . . . . . . . 9 3 33 34 32 12 7 4 . . 4 32 7 2 12 . 3 . 18 Message Errors 41 | . . . . . . . 1 1 4 10 4 4 3 . . . 1 8 1 1 2 . . . 1 Matter Fused 47 | . . . . . . . 1 . 9 4 5 4 2 1 . . . 9 3 . 3 . 2 . 4 Heat Flow Errors 22 | . . . . . . . 3 . 2 6 1 1 1 . . . 1 1 . . 3 . 1 . 2 Energy Discharges 31 | . . . . . . . 1 . 5 6 7 1 . 2 . . . 4 1 . 2 . . . 2 Parts Rejected 7 | . . . . . . . . 1 1 . 3 . . . . . . . 1 . . . . . 1 Data Loss (minor) 27 | . . . . . . . 2 1 5 2 6 . . 1 . . . 5 1 . . . . . 4 Data Loss (major) 11 | . . . . . . . . . . 5 2 . . . . . . 2 . . 1 . . . 1 Misfires 8 | . . . . . . . . . 1 1 2 2 . . . . 1 1 . . . . . . . Alerts 7 | . . . . . . . 1 . 4 . . . 1 . . . 1 . . . . . . . . Misdirections 4 | . . . . . . . . . . . 1 . . . . . . . . . . . . . 3 Weapon Failures 7 | . . . . . . . . . 2 . 1 . . . . . . 2 . 1 1 . . . . Overload Shots . | . . . . . . . . . . . . . . . . . . . . . . . . . . Overflow Damage 4994 | . 5 . . . 79 . . . . 983 835 . 351 419 656 . 848 549 . . . 99 19 . 151 Projectiles 172 | . . . . . . . . . . 29 20 . . . . . 90 14 . . . . 19 . . Explosions 885 | . 5 . . . . . . . . . 13 . 351 204 . . 26 123 . . . 99 . . 64 Melee 3937 | . . . . . 79 . . . . 954 802 . . 215 656 . 732 412 . . . . . . 87 Knockbacks 57 | . . . . . . . . . . 17 6 . . 1 3 . 12 9 . . . . . 1 8 Impact 28 | . . . . . . . . . . 9 5 . . 1 3 . 6 1 . . . . . . 3 Kinetic 26 | . . . . . . . . . . 6 1 . . . . . 6 8 . . . . . 1 4 Secondary 3 | . . . . . . . . . . 2 . . . . . . . . . . . . . . 1 Self-Inflicted Damage 728 | . . . . . . . . . . 96 61 . . . . . . 73 . . 184 118 . . 196 Shots 9 | . . . . . . . . . . 1 1 . . . . . . 1 . . 2 2 . . 2 Rammed 6 | . . . . . . . . . . . . . . . . . . . . . 1 . . . 5 Targets Rammed 6 | . . . . . . . . . . . . . . . . . . . . . 1 . . . 5 Kicked . | . . . . . . . . . . . . . . . . . . . . . . . . . . Crushed . | . . . . . . . . . . . . . . . . . . . . . . . . . . Highest Temperature 442 | . 4 . . 8 1 . 371 . 221 250 214 159 57 . . 378 137 207 . . 216 1 200 369 442 Average Temperature 86 | . 2 . . 4 1 . 90 . 44 71 67 66 12 . . 176 50 17 . . 108 1 46 104 102 Received Heat Transfer 1764 | . 99 . . . 369 18 63 . 309 144 97 . 12 12 . . 100 131 6 6 . 182 150 . 66 Effects 7 | . . . . . . . . . . 2 . . . . . 1 . . . . . . 1 1 2 Shutdowns 2 | . . . . . . . . . . . . . . . . . . . . . . . . . 2 Energy Bleed 2 | . . . . . . . . . . . . . . . . . . . . . . . 1 1 . Interference 2 | . . . . . . . . . . 2 . . . . . . . . . . . . . . . Matter Decay 1 | . . . . . . . . . . . . . . . . 1 . . . . . . . . . Siege Activations . | . . . . . . . . . . . . . . . . . . . . . . . . . . Martial Activations . | . . . . . . . . . . . . . . . . . . . . . . . . . . Shielding Activations . | . . . . . . . . . . . . . . . . . . . . . . . . . . Robots Disrupted 1 | . . . . . . . . . . . . . 1 . . . . . . . . . . . . Combat Hostiles 1 | . . . . . . . . . . . . . 1 . . . . . . . . . . . . Robots Corrupted 26 | . . . . . . . . . . 5 4 . . 3 4 . 4 2 . . 1 . . . 3 Combat Hostiles 7 | . . . . . . . . . . 2 2 . . 2 . . . . . . 1 . . . . Parts Fried 69 | . . . . . . . 9 . . 11 4 . . 4 15 . 11 7 . . 2 . . . 6 Impact Corruptions 115 | . . . . . . . . . . 32 28 . . 10 13 . 17 11 . . . . . . 4 Robots Melted . | . . . . . . . . . . . . . . . . . . . . . . . . . . Combat Hostiles . | . . . . . . . . . . . . . . . . . . . . . . . . . . Parts Melted 1 | . . . . . . . . . . . . . . . . . . . . . . 1 . . . Heat Transferred 1163 | . . . . . . . . . . 481 . . 75 . . . . . . . . 200 370 37 . Parts Sabotaged . | . . . . . . . . . . . . . . . . . . . . . . . . . . Parts Stolen . | . . . . . . . . . . . . . . . . . . . . . . . . . . Parts Stripped . | . . . . . . . . . . . . . . . . . . . . . . . . . . Power Chain Reactions 6 | . . . . . . . . . . . . . 4 . . . . . . . . 2 . . . Alert | -11 -10 -10 -10 -9 -8 -7 -6 -6 -6 -5 -5 -5 -5 -4 -4 -4 -4 -4 -4 -4 -4 -3 -3 -2 -1 ------- Run | Yrd Mat Min Exi Min Mat Fac Fac Was Fac Fac Upp Upp War Pro Fac Was Fac Ext Cet Arc Hub Res Arm Res Acc Maximum Alert Level 5 | . . . . . . . . . . 2 . . . . 1 . 2 5 3 2 4 4 3 . 2 Low Security (%) 56 | 100 100 100 . 100 100 100 100 100 100 54 . . . . 32 100 45 . . . 3 . 73 100 47 Level 1 12 | . . . . . . . . . . 20 . . . . 67 . 29 9 . . 54 . . . 44 Level 2 14 | . . . . . . . . . . 24 . . . . . . 25 50 . 100 28 . 17 . 7 Level 3 8 | . . . . . . . . . . . . . . . . . . 2 100 . 10 53 8 . . Level 4 7 | . . . . . . . . . . . . . . . . . . 28 . . 3 46 . . . Level 5 1 | . . . . . . . . . . . . . . . . . . 8 . . . . . . . High Security . | . . . . . . . . . . . . . . . . . . . . . . . . . . Max Security . | . . . . . . . . . . . . . . . . . . . . . . . . . . Peak Influence 1777 | 10 149 48 . 58 40 13 22 1 94 686 . . . . 261 50 594 1777 1084 604 1433 1413 770 79 464 Initial 964 | . . 48 . . . 13 . 1 . 16 . . . . 202 50 . 290 964 415 197 752 732 27 . Average 318 | 2 86 12 . 25 11 1 2 . 22 239 . . . . 206 6 241 841 1041 556 442 1028 199 23 170 Influence Increases 12981 | 30 254 25 . 58 248 29 70 . 430 1429 270 . 1341 294 331 8 1020 2218 372 199 1676 1079 355 230 1015 Destroy 0b10 Robot/C 5040 | . 140 20 . 40 100 . . . 100 560 240 . 1200 200 . . 340 900 160 80 280 280 80 20 300 Destroy 0b10 Robot/NC 860 | 30 35 5 . . 20 5 15 . 50 120 5 . 25 10 40 . 95 105 10 5 40 150 . 10 85 Destroy Leader 704 | . 36 . . 10 34 2 . . 36 140 10 . . 30 4 . 80 96 . . 66 72 20 14 54 Allied During Kill 1269 | . . . . 8 . . . . . . . . 56 39 . . 78 664 170 85 169 . . . . Trap Triggered on 0b10 80 | . . . . . . . . . . 20 . . . . 60 . . . . . . . . . . Successful Hack 559 | . . . . . . 22 5 . 25 109 . . . . 40 . . 95 . . 38 115 53 57 . Disable Machine 795 | . . . . . 30 . 15 . 15 90 . . . . . . 75 60 . 15 345 60 45 . 45 Anti-Garrison Action 150 | . . . . . . . . . . . . . . . . . . . . . 150 . . . . Destroy Structure 1874 | . 28 . . . 19 . 5 . 9 150 . . . . 22 8 292 268 32 14 498 342 22 39 126 Advance Influence 150 | . . . . . . . . . . . . . . . 150 . . . . . . . . . . Partial Spotted 180 | . 15 . . . . . . . 45 . . . . . 15 . 30 . . . 15 45 . . 15 Lose Combat Pursuer 1320 | . . . . . 45 . 30 . 150 240 15 . 60 15 . . 30 30 . . 75 15 135 90 390 Influence Decreases 12554 | 30 130 149 . 58 218 59 65 5 395 780 590 230 420 1265 272 151 426 1089 1057 673 807 1117 1698 280 590 Entered New Map 5178 | . . 76 . . . 17 . 4 . 19 254 70 134 1055 32 93 . 304 759 623 367 681 663 25 2 Time Decay 5007 | 30 130 73 . 58 178 42 65 1 365 573 326 160 256 170 140 38 246 565 198 50 190 386 204 245 318 Search Patrol Dispatched 100 | . . . . . . . . . . . . . . . 100 . . . . . . . . . . Lost Part 610 | . . . . . 40 . . . 30 45 10 . 10 10 . . . 30 . . 10 50 95 10 270 Lost Ally 780 | . . . . . . . . . . . . . 20 30 . 20 180 190 100 . 240 . . . . Purge Threat 879 | . . . . . . . . . . 143 . . . . . . . . . . . . 736 . . Squads Dispatched 85 | . 1 . . . . 3 4 . 17 14 . . . . 4 . 5 3 . . 6 12 4 3 9 Investigation 24 | . . . . . . 1 4 . 6 1 . . . . 1 . 1 . . . . 6 2 2 . Extermination 19 | . . . . . . 1 . . 3 6 . . . . 1 . 2 . . . 1 . 2 . 3 Reinforcement 36 | . 1 . . . . 1 . . 7 7 . . . . 1 . 2 2 . . 2 6 . 1 6 Assault 3 | . . . . . . . . . . . . . . . . . . 1 . . 2 . . . . Garrison 3 | . . . . . . . . . 1 . . . . . 1 . . . . . 1 . . . . Intercept . | . . . . . . . . . . . . . . . . . . . . . . . . . . Searches Triggered 1 | . . . . . . . . . . . . . . . 1 . . . . . . . . . . Unchained Authorized 1 | . . . . . . . . . . . . . . . . . . . . . . . . . 1 Construction Impeded 8 | . . . . . . . . . 1 . . . . . 1 . 1 2 . . 1 1 . . 1 Haulers Reinforced 11 | . . . . . . . . . 2 3 . . . . . . 1 . . . 1 2 . . 2 Active Scanning Responses . | . . . . . . . . . . . . . . . . . . . . . . . . . . Cargo Convoy Interrupts 1 | . . . . . . . . . . 1 . . . . . . . . . . . . . . . Stealth | -11 -10 -10 -10 -9 -8 -7 -6 -6 -6 -5 -5 -5 -5 -4 -4 -4 -4 -4 -4 -4 -4 -3 -3 -2 -1 --------- Run | Yrd Mat Min Exi Min Mat Fac Fac Was Fac Fac Upp Upp War Pro Fac Was Fac Ext Cet Arc Hub Res Arm Res Acc Distress Signals 41 | . . . . . 1 . . . 2 2 . . . . . . 2 4 1 . 1 13 . 11 4 Communications Jammed 8 | . . . . . . . . . . . . . . . . . . . . . . 8 . . . Distress Signals 8 | . . . . . . . . . . . . . . . . . . . . . . 8 . . . Times Spotted 537 | . 13 2 . 2 20 5 24 6 29 67 12 . 103 11 1 6 22 49 10 4 13 26 23 9 80 Peak Tracking Total 24 | . 3 2 . 2 9 2 13 6 11 7 5 . 17 7 1 3 5 7 5 2 4 7 12 8 24 Tactical Retreats 43 | . . . . . 2 . 1 . 5 10 1 . 1 1 . . 2 2 . . 3 1 4 2 8 Traps | -11 -10 -10 -10 -9 -8 -7 -6 -6 -6 -5 -5 -5 -5 -4 -4 -4 -4 -4 -4 -4 -4 -3 -3 -2 -1 ------- Run | Yrd Mat Min Exi Min Mat Fac Fac Was Fac Fac Upp Upp War Pro Fac Was Fac Ext Cet Arc Hub Res Arm Res Acc Traps Triggered 19 | . . . . . 1 1 2 . 4 2 . . . . 1 . . 5 . . . 1 1 . 1 Indirectly . | . . . . . . . . . . . . . . . . . . . . . . . . . . Trap Hack Attempts . | . . . . . . . . . . . . . . . . . . . . . . . . . . Triggered . | . . . . . . . . . . . . . . . . . . . . . . . . . . Disarmed . | . . . . . . . . . . . . . . . . . . . . . . . . . . Reprogrammed . | . . . . . . . . . . . . . . . . . . . . . . . . . . Reused 8 | . . . . . . . . . . 2 . . . . 6 . . . . . . . . . . Traps Reconfigurated 40 | . . . . . . . . . . 8 . . . . 11 . . 12 . . 1 2 3 . 3 Traps Extracted . | . . . . . . . . . . . . . . . . . . . . . . . . . . Installed . | . . . . . . . . . . . . . . . . . . . . . . . . . . Triggered 8 | . . . . . . . . . . 2 . . . . 6 . . . . . . . . . . Machines | -11 -10 -10 -10 -9 -8 -7 -6 -6 -6 -5 -5 -5 -5 -4 -4 -4 -4 -4 -4 -4 -4 -3 -3 -2 -1 ---------- Run | Yrd Mat Min Exi Min Mat Fac Fac Was Fac Fac Upp Upp War Pro Fac Was Fac Ext Cet Arc Hub Res Arm Res Acc Machines Disabled 57 | . . . . . 2 . 1 . 1 6 1 . 1 . . . 5 5 . 1 24 4 3 . 3 Max in Single Turn 15 | . . . . . 1 . 1 . 1 2 1 . 1 . . . 1 2 . 1 15 1 1 . 1 Garrison Access 7 | . . . . . . . . . 1 . . . . . . . 1 . . . 1 1 . 3 . Network Hub 2 | . . . . . . . . . . . . . . . . . . . . . 2 . . . . Energy Cycler 1 | . . . . . . . . . . . . . . . . . . . . . . . . . 1 Machines Repaired . | . . . . . . . . . . . . . . . . . . . . . . . . . . Machines Dismantled . | . . . . . . . . . . . . . . . . . . . . . . . . . . Machines Sabotaged . | . . . . . . . . . . . . . . . . . . . . . . . . . . Overloaded Fab Kills . | . . . . . . . . . . . . . . . . . . . . . . . . . . Hacking | -11 -10 -10 -10 -9 -8 -7 -6 -6 -6 -5 -5 -5 -5 -4 -4 -4 -4 -4 -4 -4 -4 -3 -3 -2 -1 --------- Run | Yrd Mat Min Exi Min Mat Fac Fac Was Fac Fac Upp Upp War Pro Fac Was Fac Ext Cet Arc Hub Res Arm Res Acc Machines Accessed 123 | . . 1 2 . 2 6 6 . 22 19 . . 3 . 9 . 11 14 1 . 6 9 6 6 . Terminals 65 | . . 1 . . . 1 3 . 9 13 . . . . 4 . 6 13 1 . 5 3 4 2 . Fabricators 9 | . . . . . . 1 1 . 3 1 . . . . . . . . . . . . 2 1 . Repair Stations 9 | . . . . . . 1 . . 3 1 . . . . 2 . . 1 . . . . . 1 . Recycling Units 13 | . . . . . 2 1 2 . 3 2 . . . . 1 . 1 . . . . 1 . . . Scanalyzers 12 | . . . . . . 1 . . 3 2 . . . . 1 . 1 . . . . 3 . 1 . Garrison Access 10 | . . . . . . 1 . . 1 . . . . . 1 . 3 . . . 1 2 . 1 . Total Hacks 368 | . . 2 2 . 5 16 14 . 51 50 . . 10 . 14 . 22 30 3 . 17 62 35 35 . Successful 159 | . . . 2 . 2 7 2 . 17 17 . . 10 . 3 . 4 11 . . 9 39 22 14 . Failed 206 | . . 2 . . 3 9 12 . 33 32 . . . . 11 . 18 19 3 . 8 22 13 21 . Catastrophic 39 | . . . . . . 1 2 . 7 6 . . . . 5 . 4 2 2 . 3 6 . 1 . Database Lockouts 3 | . . . . . . . . . 1 1 . . . . . . . . . . . 1 . . . Manual 92 | . . 2 1 . . . 2 . 10 5 . . 1 . 4 . 3 3 1 . 9 26 10 15 . Terminals 188 | . . 2 . . . 4 8 . 17 31 . . . . 6 . 10 23 3 . 16 26 26 16 . Fabricators 32 | . . . . . . 3 3 . 6 5 . . . . . . . . . . . . 9 6 . Repair Stations 38 | . . . . . . 3 . . 12 4 . . . . 4 . . 7 . . . . . 8 . Recycling Units 28 | . . . . . 5 1 3 . 7 5 . . . . 1 . 3 . . . . 3 . . . Scanalyzers 55 | . . . . . . 3 . . 8 5 . . . . 2 . 3 . . . . 30 . 4 . Garrison Access 15 | . . . . . . 2 . . 1 . . . . . 1 . 6 . . . 1 3 . 1 . Terminal Hacks 67 | . . . 2 . . . 1 . 2 12 . . 10 . 2 . 1 6 . . 6 5 15 5 . Record 4 | . . . 1 . . . . . . . . . 3 . . . . . . . . . . . . Part Schematic 1 | . . . . . . . . . . . . . . . . . . . . . . 1 . . . Prototype ID Bank 10 | . . . . . . . . . . 2 . . 6 . . . . 1 . . . . 1 . . Open Door 6 | . . . . . . . . . . . . . 1 . . . 1 4 . . . . . . . Level Access Points 3 | . . . . . . . . . . 1 . . . . . . . . . . . . 1 1 . Branch Access Points 4 | . . . . . . . . . 1 1 . . . . . . . . . . . 1 . 1 . Machine Index 1 | . . . . . . . . . . . . . . . . . . . . . . . 1 . . Terminal Index 5 | . . . . . . . 1 . . . . . . . . . . . . . 1 1 1 1 . Fabricator Index 1 | . . . . . . . . . . . . . . . . . . . . . . 1 . . . Scanalyzer Index 1 | . . . . . . . . . . . . . . . . . . . . . . . 1 . . Alert Level 3 | . . . . . . . . . 1 . . . . . . . . . . . 1 . 1 . . Unreport Threat 7 | . . . . . . . . . . 1 . . . . . . . . . . . . 6 . . Locate Traps 5 | . . . . . . . . . . 2 . . . . . . . 1 . . 1 . 1 . . Dispatch Records 2 | . . . . . . . . . . 1 . . . . . . . . . . 1 . . . . Maintenance Status 1 | . . . . . . . . . . 1 . . . . . . . . . . . . . . . Surveillance Status 1 | . . . . . . . . . . . . . . . . . . . . . 1 . . . . Patrol Status 1 | . . . . . . . . . . . . . . . . . . . . . . . 1 . . Hauler Manifests 5 | . . . . . . . . . . 2 . . . . 1 . . . . . 1 . . 1 . Registered Components 5 | . . . . . . . . . . 1 . . . . 1 . . . . . . 1 1 1 . Proto ID Catalog 1 | . . . 1 . . . . . . . . . . . . . . . . . . . . . . Fabricator Hacks 9 | . . . . . . 1 . . 2 1 . . . . . . . . . . . . 3 2 . Network Status 3 | . . . . . . . . . 1 1 . . . . . . . . . . . . 1 . . Load Schematic 4 | . . . . . . . . . 1 . . . . . . . . . . . . . 2 1 . Build 2 | . . . . . . 1 . . . . . . . . . . . . . . . . . 1 . Repair Station Hacks 13 | . . . . . . 2 . . 5 1 . . . . . . . 3 . . . . . 2 . Scan Component 7 | . . . . . . . . . 4 1 . . . . . . . 2 . . . . . . . Repair 2 | . . . . . . . . . 1 . . . . . . . . 1 . . . . . . . Refit 4 | . . . . . . 2 . . . . . . . . . . . . . . . . . 2 . Recycling Unit Hacks 11 | . . . . . 2 1 1 . 3 1 . . . . 1 . 1 . . . . 1 . . . Retrieve Components 11 | . . . . . 2 1 1 . 3 1 . . . . 1 . 1 . . . . 1 . . . Scanalyzer 33 | . . . . . . 3 . . 2 1 . . . . . . . . . . . 26 . 1 . Insert Component 12 | . . . . . . 1 . . . . . . . . . . . . . . . 11 . . . Analyze 16 | . . . . . . 1 . . . . . . . . . . . . . . . 15 . . . Retrieve Study 5 | . . . . . . 1 . . 2 1 . . . . . . . . . . . . . 1 . Garrison Access Hacks 4 | . . . . . . . . . 1 . . . . . . . 1 . . . . 1 . 1 . Seal Access 4 | . . . . . . . . . 1 . . . . . . . 1 . . . . 1 . 1 . Unauthorized Hacks 22 | . . . . . . . . . 2 1 . . . . . . 1 2 . . 3 6 4 3 . Terminals 15 | . . . . . . . . . . . . . . . . . . 2 . . 3 5 2 3 . Assimilate 2 | . . . . . . . . . . . . . . . . . . 2 . . . . . . . Botnet 7 | . . . . . . . . . . . . . . . . . . . . . 2 3 1 1 . Operators 4 | . . . . . . . . . . . . . . . . . . . . . 1 1 1 1 . Skim 2 | . . . . . . . . . . . . . . . . . . . . . . 1 . 1 . Fabricators 4 | . . . . . . . . . 1 1 . . . . . . . . . . . . 2 . . Haulers 2 | . . . . . . . . . 1 1 . . . . . . . . . . . . . . . Recompile 2 | . . . . . . . . . . . . . . . . . . . . . . . 2 . . Repair Stations . | . . . . . . . . . . . . . . . . . . . . . . . . . . Recycling Units 3 | . . . . . . . . . 1 . . . . . . . 1 . . . . 1 . . . Recyclers 2 | . . . . . . . . . 1 . . . . . . . 1 . . . . . . . . Mask 1 | . . . . . . . . . . . . . . . . . . . . . . 1 . . . Scanalyzers . | . . . . . . . . . . . . . . . . . . . . . . . . . . Garrison Access . | . . . . . . . . . . . . . . . . . . . . . . . . . . Data Cores Recovered 6 | . . . . . . . . . 1 2 . . . . . . 1 1 . . . 1 . . . Used 1 | . . . . . . . . . 1 . . . . . . . . . . . . . . . . Hacking Detections 97 | . . 1 . . 1 5 5 . 20 17 . . . . 8 . 9 9 1 . 5 7 4 5 . Full Trace Events 17 | . . . . . . 1 4 . 5 1 . . . . 1 . 1 . . . . 2 . 2 . Feedback Events 1 | . . . . . . . . . . . . . . . . . 1 . . . . . . . . Corruption 1 | . . . . . . . . . . . . . . . . . 1 . . . . . . . . Feedback Blocked . | . . . . . . . . . . . . . . . . . . . . . . . . . . Robot Schematics Acquired . | . . . . . . . . . . . . . . . . . . . . . . . . . . Robots Built . | . . . . . . . . . . . . . . . . . . . . . . . . . . Authchips . | . . . . . . . . . . . . . . . . . . . . . . . . . . Time . | . . . . . . . . . . . . . . . . . . . . . . . . . . Total Robot Build Rating . | . . . . . . . . . . . . . . . . . . . . . . . . . . Part Schematics Acquired 11 | . . . . . . 1 . . . . . . . . . . . . . . . 10 . . . Parts Built 4 | . . . . . . 2 . . . . . . . . . . . . . . . . . 2 . Authchips 1 | . . . . . . . . . . . . . . . . . . . . . . . . 1 . Time 77 | . . . . . . 42 . . . . . . . . . . . . . . . . . 35 . Total Part Build Rating 20 | . . . . . . 8 . . . . . . . . . . . . . . . . . 12 . Part Studies Acquired 5 | . . . . . . 1 . . 2 1 . . . . . . . . . . . . . 1 . Parts Repaired 2 | . . . . . . . . . 1 . . . . . . . . 1 . . . . . . . Time 69 | . . . . . . . . . 44 . . . . . . . . 25 . . . . . . . Parts Recycled . | . . . . . . . . . . . . . . . . . . . . . . . . . . Recycled Matter . | . . . . . . . . . . . . . . . . . . . . . . . . . . Retrieved Matter . | . . . . . . . . . . . . . . . . . . . . . . . . . . Retrieved Components 30 | . . . . . 9 4 2 . 1 1 . . . . 3 . . . . . . 10 . . . Parts Scanalyzed 10 | . . . . . . 1 . . . . . . . . . . . . . . . 9 . . . Part Schematics Acquired 10 | . . . . . . 1 . . . . . . . . . . . . . . . 9 . . . Parts Damaged 2 | . . . . . . . . . . . . . . . . . . . . . . 2 . . . Bothacking | -11 -10 -10 -10 -9 -8 -7 -6 -6 -6 -5 -5 -5 -5 -4 -4 -4 -4 -4 -4 -4 -4 -3 -3 -2 -1 ------------ Run | Yrd Mat Min Exi Min Mat Fac Fac Was Fac Fac Upp Upp War Pro Fac Was Fac Ext Cet Arc Hub Res Arm Res Acc Used RIF Installer . | . . . . . . . . . . . . . . . . . . . . . . . . . . Robots Hacked . | . . . . . . . . . . . . . . . . . . . . . . . . . . Non-combat . | . . . . . . . . . . . . . . . . . . . . . . . . . . Combat . | . . . . . . . . . . . . . . . . . . . . . . . . . . Robot Hacks Applied . | . . . . . . . . . . . . . . . . . . . . . . . . . . Relay Couplers Released 5 | . . . . . . . . . . . . . . . . . . . . . 2 . . 3 . Machine Destruction 5 | . . . . . . . . . . . . . . . . . . . . . 2 . . 3 . Fabnet Peak Effective % . | . . . . . . . . . . . . . . . . . . . . . . . . . . Robots Rewired 26 | . . . . . . . . . . . . . 5 . . . . 21 . . . . . . . Allies Hacked . | . . . . . . . . . . . . . . . . . . . . . . . . . . Hacks Repelled . | . . . . . . . . . . . . . . . . . . . . . . . . . . Allies | -11 -10 -10 -10 -9 -8 -7 -6 -6 -6 -5 -5 -5 -5 -4 -4 -4 -4 -4 -4 -4 -4 -3 -3 -2 -1 -------- Run | Yrd Mat Min Exi Min Mat Fac Fac Was Fac Fac Upp Upp War Pro Fac Was Fac Ext Cet Arc Hub Res Arm Res Acc Total Allies 59 | . . 3 . . . . . . . . . . 5 . . 19 . 27 5 . . . . . . Largest Group 21 | . . 3 3 3 . . . . . . . . 5 4 . 18 16 21 19 15 15 . . . . Highest-Rated Group 1169 | . . 40 40 40 . . . . . . . . 332 264 . 656 556 1031 1169 863 863 . . . . Highest-Rated Ally 159 | . . 16 16 16 . . . . . . . . 68 68 . 50 46 159 159 96 96 . . . . Total Orders 1 | . . . . . . . . . . . . . . . . . . . . . 1 . . . . STAY 1 | . . . . . . . . . . . . . . . . . . . . . 1 . . . . Ally Attacks 435 | . . . . 11 . . . . . . . . 8 11 . 19 69 133 64 20 100 . . . . Total Damage 11322 | . . . . 142 . . . . . . . . 549 705 . 391 1561 3279 1436 480 2779 . . . . Kills 60 | . . . . 2 . . . . . . . . 3 6 . 2 7 15 7 4 14 . . . . Allies Corrupted 5 | . . . . . . . . . . . . . . 1 . . . . . . 4 . . . . Allies Melted 1 | . . . . . . . . . . . . . . . . . . . . . . . . 1 . Intel | -11 -10 -10 -10 -9 -8 -7 -6 -6 -6 -5 -5 -5 -5 -4 -4 -4 -4 -4 -4 -4 -4 -3 -3 -2 -1 ------- Run | Yrd Mat Min Exi Min Mat Fac Fac Was Fac Fac Upp Upp War Pro Fac Was Fac Ext Cet Arc Hub Res Arm Res Acc Active Infowar (turns) 14384 | 4 50 . . . 399 320 623 102 1159 2213 726 320 1221 348 296 414 655 1685 419 104 396 913 433 822 762 Optics 14330 | . . . . . 399 320 623 102 1159 2213 726 320 1221 348 296 414 655 1685 419 104 396 913 433 822 762 IFF 1709 | . . . . . . . . . . . 565 320 272 322 230 . . . . . . . . . . Seismic 54 | 4 50 . . . . . . . . . . . . . . . . . . . . . . . . T.N.C. 6413 | . . . . . . 132 623 102 1159 2213 47 . . . . . . . . . . 512 433 822 370 Cloaking 314 | . . . . . . . . . . 314 . . . . . . . . . . . . . . . Jamming 1254 | . . . . . . . . . . 110 . . . . 65 31 . . . . . 466 5 491 86 Robot Analysis Total . | . . . . . . . . . . . . . . . . . . . . . . . . . . Derelict Logs Recovered 5 | . . 1 . . . . . . . . 1 2 . 1 . . . . . . . . . . . Drone Launches . | . . . . . . . . . . . . . . . . . . . . . . . . . . Drone Recoveries . | . . . . . . . . . . . . . . . . . . . . . . . . . . Exploration | -11 -10 -10 -10 -9 -8 -7 -6 -6 -6 -5 -5 -5 -5 -4 -4 -4 -4 -4 -4 -4 -4 -3 -3 -2 -1 ------------- Run | Yrd Mat Min Exi Min Mat Fac Fac Was Fac Fac Upp Upp War Pro Fac Was Fac Ext Cet Arc Hub Res Arm Res Acc Turns Passed 15660 | 90 330 323 184 128 635 320 623 102 1159 2213 726 320 1221 348 296 414 655 1685 419 104 396 913 433 822 801 Spaces Moved 19874 | 49 232 433 236 200 422 433 700 182 1736 2857 1015 598 1444 575 534 488 1149 1149 222 53 618 1511 528 1579 931 Core 686 | 49 139 . . . 20 403 . . . . . . . . . . . . . . . . . . 75 Treads . | . . . . . . . . . . . . . . . . . . . . . . . . . . Legs . | . . . . . . . . . . . . . . . . . . . . . . . . . . Wheels . | . . . . . . . . . . . . . . . . . . . . . . . . . . Hover 19188 | . 93 433 236 200 402 30 700 182 1736 2857 1015 598 1444 575 534 488 1149 1149 222 53 618 1511 528 1579 856 Flight . | . . . . . . . . . . . . . . . . . . . . . . . . . . Fastest Speed 22 | 50 50 56 56 56 48 50 48 48 48 33 44 44 36 36 29 33 22 37 38 38 38 33 24 38 38 Average Speed 48 | 54 59 56 56 56 66 51 54 48 50 49 45 46 51 47 34 39 35 76 46 38 38 37 41 40 44 Slowest Speed 200 | 100 100 56 56 56 200 100 64 48 104 110 105 100 96 91 36 87 87 98 95 38 38 100 161 134 196 Overloaded Moves 54 | . . . . . . . . . . 10 . . . . . . 3 . . . . . 41 . . Propulsion Burnouts . | . . . . . . . . . . . . . . . . . . . . . . . . . . Robots Hopped . | . . . . . . . . . . . . . . . . . . . . . . . . . . Potential Cave-ins 1 | . . . . . . . . . . 1 . . . . . . . . . . . . . . . Cave-ins Triggered . | . . . . . . . . . . . . . . . . . . . . . . . . . . Exploration Rate (%) 54 | 4 40 91 60 46 40 17 17 80 53 66 88 84 93 69 19 95 30 90 60 84 51 40 22 54 24 Regions Visited 25 Branch Regions 12 Pre-discovered Areas 2 | . . . 1 . . . . . . . . 1 . . . . . . . . . . . . . Known Exits Taken 5 | . . . . . . . . . . 1 . . . 1 . . . . . . . 1 1 1 . Unknown Exits Taken 16 | 1 1 1 1 1 1 1 . . 1 . 1 1 1 . . . 1 1 1 1 1 . . . . Scrap Searched 11 | . . 1 . 1 . . . . . . 3 3 . 3 . . . . . . . . . . . Spaces Dug 270 | . . . . . 16 . 4 . 2 40 13 . 116 3 10 . 42 . . . 1 3 8 6 6 Terrain Destroyed 2324 | . 29 . . . 59 . 7 . 8 76 192 1 541 128 11 4 177 292 18 3 341 365 14 13 45 Melee 75 | . . . . . 9 . . . . 32 4 . 1 1 10 . 15 . . . . 3 . . . Projectile 187 | . . . . . . . 6 . 8 11 24 1 . 2 1 4 13 24 18 3 10 10 14 13 25 AOE 2060 | . 29 . . . 50 . . . . 33 164 . 540 125 . . 149 268 . . 331 352 . . 19 Terrain Rammed . | . . . . . . . . . . . . . . . . . . . . . . . . . . Walls Destroyed . | . . . . . . . . . . . . . . . . . . . . . . . . . . Machines Disabled . | . . . . . . . . . . . . . . . . . . . . . . . . . . Actions | -11 -10 -10 -10 -9 -8 -7 -6 -6 -6 -5 -5 -5 -5 -4 -4 -4 -4 -4 -4 -4 -4 -3 -3 -2 -1 --------- Run | Yrd Mat Min Exi Min Mat Fac Fac Was Fac Fac Upp Upp War Pro Fac Was Fac Ext Cet Arc Hub Res Arm Res Acc Total 24216 | 79 346 502 287 210 711 523 885 195 1905 3380 1167 637 1849 622 612 626 1275 1745 495 118 727 1737 689 1739 1155 Wait 2186 | 6 52 60 48 3 236 46 111 12 49 161 44 28 279 17 32 94 27 188 238 58 76 84 105 54 78 Move 19851 | 48 231 432 235 199 421 432 700 181 1735 2856 1014 597 1443 574 534 487 1148 1148 221 52 617 1510 527 1578 931 Hop . | . . . . . . . . . . . . . . . . . . . . . . . . . . Pick Up 154 | 4 4 2 2 2 2 6 10 1 16 32 7 2 9 1 5 . 2 2 3 . 1 12 3 13 13 Fast Attach 111 | 2 4 . . . 3 6 5 1 3 19 4 3 12 . 3 . 2 10 2 . . 13 3 13 3 Attach 76 | 1 1 . 1 . 2 2 4 . 5 15 3 . 6 2 2 . . 1 . . 1 4 3 7 16 Detach 31 | . 2 . . . . 2 1 . 1 8 1 1 2 . . . 1 1 . . . 2 1 6 2 Swap 362 | . 7 1 . . 6 . 12 . 20 69 25 2 14 11 8 7 20 38 5 . 9 45 11 25 27 Drop 219 | . 2 1 1 2 1 9 12 . 19 53 7 4 19 3 9 . 5 5 7 . 1 20 3 27 9 Fire 664 | 18 43 6 . 4 6 . 30 . 57 73 40 . 30 6 1 35 31 78 19 8 21 41 30 16 71 Melee 256 | . . . . . 34 5 . . . 94 22 . 3 8 18 3 39 24 . . . 6 . . . Ram 6 | . . . . . . . . . . . . . . . . . . . . . 1 . . . 5 Kick . | . . . . . . . . . . . . . . . . . . . . . . . . . . Crush . | . . . . . . . . . . . . . . . . . . . . . . . . . . Escape Stasis 53 | . . . . . . 15 . . . . . . . . . . . 35 . . . . 3 . . Rewire 247 | . . . . . . . . . . . . . 32 . . . . 215 . . . . . . . Trap . | . . . . . . . . . . . . . . . . . . . . . . . . . . Miscellaneous . | . . . . . . . . . . . . . . . . . . . . . . . . . . Route ------- -11/Scrapyard -10/Materials (discovered 2 exits: *Min / [*Sub]) -10/Mines (discovered 2 exits: [*Mat] / *Exi) -10/Exiles (discovered 2 exits: [*Min x2]) -9/Mines -8/Materials -7/Factory -6/Factory -6/Waste -6/Factory (discovered 3 exits: *Fac / *Low x2) -5/Factory (discovered 6 exits: *Fac x4 / *Upp x2) -5/Upper Caves -5/Upper Caves (discovered 2 exits: *Fac / *War) -5/Warlord -4/Proximity Caves -4/Factory (discovered 2 exits: *Res / *Ext) -4/Waste -4/Factory (discovered 3 exits: *Res x2 / *Ext) -4/Extension (discovered 2 exits: *Res / *Cet) -4/Cetus (discovered 2 exits: *Res / [*Arc]) -4/Archives (discovered 3 exits: *Res / *Hub x2) -4/Hub_04(d) (discovered 2 exits: *Res x2) -3/Research (discovered 4 exits: *Res / *Arm / *Qua x2) -3/Armory (discovered 2 exits: *Res x2) -2/Research (discovered 5 exits: *Acc x3 / *Tes x2) -1/Access (discovered 1 exit: Com) History --------- Turn | Location | Event 7 | -11/Scrapyard | Discovered new exit (range 16) 91 | -11/Scrapyard | Entered Materials 307 | -10/Materials | Discovered new exit (range 13) 323 | -10/Materials | Build established: Mutant 383 | -10/Materials | Discovered new exit (range 14) 421 | -10/Materials | Entered Mines 431 | -10/Mines | Met a Derelict bent on vengeance 460 | -10/Mines | Learned Materials terminal intel 577 | -10/Mines | Deemed a non-threat by the Exiles lab entrance 577 | -10/Mines | Discovered new exit (range 5) 588 | -10/Mines | A weapon hastily lodged in a ceiling crevice suddenly fell to the ground 604 | -10/Mines | Assisted by bots powering up and referring to "LRC-V3" 623 | -10/Mines | Discovered new exit (range 13) 744 | -10/Mines | Entered Exiles 744 | -10/Exiles | Accompanied by 3 allies 753 | -10/Exiles | Discovered new exit (range 15) 760 | -10/Exiles | Met 8R-AWN 768 | -10/Exiles | Met EX-HEX 783 | -10/Exiles | Met EX-BIN 791 | -10/Exiles | Aligned with FarCom system 792 | -10/Exiles | Given EX-Vault access code 807 | -10/Exiles | Opened EX-Vault 812 | -10/Exiles | Found Trap Reconfigurator 834 | -10/Exiles | Exiles lab attacked by MAIN.C 858 | -10/Exiles | Learned location of Zion (-7) 875 | -10/Exiles | Discovered new exit (range 10) 928 | -10/Exiles | Left Exiles lab with Trap Reconfigurator 928 | -10/Exiles | Entered Mines 928 | -9/Mines | Accompanied by 3 allies 981 | -9/Mines | Received a Rocket Launcher from a helpful Derelict 1043 | -9/Mines | Assembled infested the area 1048 | -9/Mines | Assisted by a Guerilla fighting off Assembled 1053 | -9/Mines | Discovered new exit (range 6) 1056 | -9/Mines | Entered Materials 1056 | -8/Materials | Evolved 4 slots: Propulsion x2, Utility x2 1057 | -8/Materials | Loaded intel: 9 terminal locations 1360 | -8/Materials | Build established: Scavenger-Mutant 1495 | -8/Materials | Lost 4 parts (1p3n) 1684 | -8/Materials | Core integrity fell below 50% 1689 | -8/Materials | Discovered new exit (range 4) 1691 | -8/Materials | Entered Factory 1691 | -7/Factory | Evolved 2 slots: Propulsion x1, Utility x1 1708 | -7/Factory | Lost 3 parts (2n1w) 1779 | -7/Factory | Fabricated Powered Armor (x2) 1949 | -7/Factory | Discovered new exit (range 17) 2011 | -7/Factory | Entered another Factory area 2011 | -6/Factory | Evolved 2 slots: Power x1, Propulsion x1 2191 | -6/Factory | Build established: Scout 2191 | -6/Factory | Discovered new exit (range 14) 2528 | -6/Factory | Spotted B-75 Beast 2634 | -6/Factory | Manually triggered Chute Trap 2634 | -6/Factory | Sucked down chute 2634 | -6/Factory | Entered Waste 2660 | -6/Waste | Spotted C-40 Crusher 2667 | -6/Waste | Spotted C-40 Crusher 2668 | -6/Waste | Spotted C-40 Crusher 2703 | -6/Waste | Spotted C-40 Crusher 2708 | -6/Waste | Spotted C-40 Crusher 2708 | -6/Waste | Spotted C-40 Crusher 2719 | -6/Waste | Discovered new exit (range 17) 2736 | -6/Waste | Entered Factory 2745 | -6/Factory | Central database locked down 2841 | -6/Factory | Repaired Powered Armor 3545 | -6/Factory | Identified exit to Lower Caves 3807 | -6/Factory | Discovered new exit (range 3) 3861 | -6/Factory | Garrison activated, responded to threat 3895 | -6/Factory | Entered another Factory area 3895 | -5/Factory | Evolved 2 slots: Utility x1, Weapon x1 4038 | -5/Factory | Found Prototype Launcher 4038 | -5/Factory | Identified Scatter Rocket Array 4399 | -5/Factory | Discovered new exit (range 6) 4429 | -5/Factory | Identified exit to Factory 4747 | -5/Factory | Discovered new exit (range 10) 4779 | -5/Factory | Spotted B-75 Beast 5033 | -5/Factory | Discovered new exit (range 13) 5091 | -5/Factory | Cargo convoy interrupted 5112 | -5/Factory | Identified exit to Upper Caves 5207 | -5/Factory | Central database locked down 5710 | -5/Factory | Lost 3 parts (1n1u1w) 5729 | -5/Factory | Found Prototype Launcher 5729 | -5/Factory | Identified Mni. Smartbomb Launcher 5733 | -5/Factory | Found Mni. Smartbomb Launcher 5803 | -5/Factory | Found Prototype Processor 5803 | -5/Factory | Identified Spectral Analyzer 5808 | -5/Factory | Found Prototype Device 5808 | -5/Factory | Identified Adv. Particle Accelerator 5834 | -5/Factory | Found Prototype Device 5834 | -5/Factory | Identified Exp. Shock Absorption System 6108 | -5/Factory | Entered Upper Caves 6158 | -5/Upper Caves | Found Imp. Powered Armor 6219 | -5/Upper Caves | Learned Factory emergency access door positions 6268 | -5/Upper Caves | Acquired the password to a Derelict Tinkerer's latest research 6284 | -5/Upper Caves | Encountered a Warlord checkpoint 6407 | -5/Upper Caves | Build established: Mutant 6420 | -5/Upper Caves | Caught by Unaware searching for contraband prototypes 6423 | -5/Upper Caves | System corruption reached 10% 6448 | -5/Upper Caves | Spotted B-75 Beast 6803 | -5/Upper Caves | Found DCF Scrap (14 items) 6824 | -5/Upper Caves | Discovered new exit (range 5) 6834 | -5/Upper Caves | Entered another Upper Caves area 6838 | -5/Upper Caves | Encountered a Warlord checkpoint 6853 | -5/Upper Caves | Discovered exit to Factory (range 7) 6966 | -5/Upper Caves | Learned Factory trap positions 7095 | -5/Upper Caves | Discovered new exit (range 5) 7154 | -5/Upper Caves | Entered Warlord 7186 | -5/Warlord | System corruption cleaned by Quarantine Array 7300 | -5/Warlord | Found Prototype Processor 7300 | -5/Warlord | Identified Exp. Armor Integrity Analyzer 7302 | -5/Warlord | Found Prototype Device 7302 | -5/Warlord | Identified Exp. Focal Shield 7313 | -5/Warlord | Found Prototype Device 7313 | -5/Warlord | Identified Exp. Phase Shifter 7322 | -5/Warlord | Found Prototype Hackware 7328 | -5/Warlord | Found Prototype Reactor 7360 | -5/Warlord | Met Warlord 7385 | -5/Warlord | Warlord's base attacked by MAIN.C 7464 | -5/Warlord | Found Prototype Energy Gun 7464 | -5/Warlord | Identified Vortex Rifle 7467 | -5/Warlord | Found Prototype Energy Gun 7467 | -5/Warlord | Identified Vortex Rail 7469 | -5/Warlord | Found Prototype Energy Cannon 7469 | -5/Warlord | Identified Vortex Driver 7580 | -5/Warlord | Build established: Tank 7638 | -5/Warlord | Warlord forces counterattacked 7673 | -5/Warlord | Destroyed 13 combat bots 7686 | -5/Warlord | Spotted Executioner 7689 | -5/Warlord | Spotted Striker 7738 | -5/Warlord | Destroyed 11 combat bots 7748 | -5/Warlord | Discovered new exit (range 16) 7759 | -5/Warlord | Lost 4 allies 7772 | -5/Warlord | Found Prototype Ballistic Cannon 7772 | -5/Warlord | Identified Hvy. Autocannon 7815 | -5/Warlord | Destroyed 11 combat bots 7917 | -5/Warlord | Destroyed 11 combat bots 7932 | -5/Warlord | Lost 7 allies 7971 | -5/Warlord | Build established: Mutant 7987 | -5/Warlord | Spotted Striker 8011 | -5/Warlord | Destroyed 9 combat bots 8026 | -5/Warlord | Lost 4 allies 8060 | -5/Warlord | Warlord base infiltrated, sounded retreat 8123 | -5/Warlord | Spotted Striker 8135 | -5/Warlord | Spotted Executioner 8249 | -5/Warlord | Spotted Striker 8285 | -5/Warlord | Spotted Executioner 8286 | -5/Warlord | Lost 9 allies 8294 | -5/Warlord | Spotted Executioner 8299 | -5/Warlord | Allies destroyed Executioner 8375 | -5/Warlord | Entered Proximity Caves 8375 | -4/Proximity Caves | Accompanied by 4 allies 8379 | -4/Proximity Caves | Spotter reported a threat 8404 | -4/Proximity Caves | Attracted the attention of an 0b10 checkpoint 8479 | -4/Proximity Caves | Spotted B-86 Titan 8626 | -4/Proximity Caves | Learned Research security intel 8657 | -4/Proximity Caves | Discovered exit to Factory (range 19) 8723 | -4/Proximity Caves | Entered Factory 8723 | -4/Factory | Evolved 2 slots: Propulsion x2 8724 | -4/Factory | Loaded intel: 115 trap records 8752 | -4/Factory | Discovered new exit (range 21) 8796 | -4/Factory | Discovered new exit (range 23) 8898 | -4/Factory | Identified Vortex Chain Reactor 8908 | -4/Factory | Garrison activated, responded to threat 8962 | -4/Factory | Spotted B-86 Titan 8973 | -4/Factory | Search patrols dispatched 9019 | -4/Factory | Manually triggered Chute Trap 9019 | -4/Factory | Sucked down chute 9019 | -4/Factory | Entered Waste 9020 | -4/Waste | Met a frightened Derelict 9046 | -4/Waste | Spotted C-40 Crusher 9046 | -4/Waste | Spotted C-40 Crusher 9061 | -4/Waste | Allies destroyed C-40 Crusher 9061 | -4/Waste | Spotted C-40 Crusher 9071 | -4/Waste | Spotted C-40 Crusher 9074 | -4/Waste | Destroyed C-40 Crusher 9078 | -4/Waste | Allies destroyed C-40 Crusher 9102 | -4/Waste | Destroyed C-40 Crusher 9116 | -4/Waste | Spotted C-40 Crusher 9150 | -4/Waste | Destroyed C-40 Crusher 9151 | -4/Waste | Spotted C-40 Crusher 9179 | -4/Waste | Destroyed C-40 Crusher 9182 | -4/Waste | Discovered new exit (range 13) 9204 | -4/Waste | Warlord forces began an assault 9227 | -4/Waste | Build established: Sprinter 9433 | -4/Waste | Entered Factory 9433 | -4/Factory | Accompanied by 16 allies 9496 | -4/Factory | Discovered new exit (range 7) 9558 | -4/Factory | Discovered new exit (range 6) 9571 | -4/Factory | Spotted B-86 Titan 9585 | -4/Factory | Lost 3 allies 9788 | -4/Factory | Lost 3 allies 9856 | -4/Factory | Discovered new exit (range 20) 10088 | -4/Factory | Entered Extension 10097 | -4/Extension | Build established: Mutant 10477 | -4/Extension | Lost 3 parts (1n2w) 10543 | -4/Extension | Rescued A7 10560 | -4/Extension | Rescued a captive Derelict 10561 | -4/Extension | Rescued a captive Derelict 10786 | -4/Extension | Repaired Cmb. Airjet+ 10888 | -4/Extension | Build established: Commander-Mutant 10986 | -4/Extension | Spotted B-86 Titan 11014 | -4/Extension | Destroyed B-86 Titan 11018 | -4/Extension | Spotted B-86 Titan 11031 | -4/Extension | Destroyed B-86 Titan 11038 | -4/Extension | Disrupted transfer network 11130 | -4/Extension | Destroyed 7 combat bots 11268 | -4/Extension | Rescued a captive Derelict 11283 | -4/Extension | Rescued a captive Derelict 11588 | -4/Extension | First assault squad dispatched 11664 | -4/Extension | Destroyed 7 combat bots 11673 | -4/Extension | Lost 5 allies 11690 | -4/Extension | Discovered new exit (range 10) 11691 | -4/Extension | Discovered new exit (range 6) 11773 | -4/Extension | Entered Cetus 11773 | -4/Cetus | Accompanied by 16 allies (A7) 11778 | -4/Cetus | Acquired a Cetus Manufacturing Module code from A7 11786 | -4/Cetus | Spotted Cetus Guard 11786 | -4/Cetus | Spotted Cetus Guard 11788 | -4/Cetus | Spotted Cetus Guard 11789 | -4/Cetus | Spotted Cetus Guard 11795 | -4/Cetus | Allies destroyed Cetus Guard 11804 | -4/Cetus | Destroyed Cetus Guard 11811 | -4/Cetus | Allies destroyed Cetus Guard 11816 | -4/Cetus | Destroyed Cetus Guard 11853 | -4/Cetus | Started Cetus Manufacturing Module 11878 | -4/Cetus | Manufactured an Enhanced Grunt 11903 | -4/Cetus | Manufactured an Enhanced Grunt 11920 | -4/Cetus | Build established: Commander-Skirmisher 11928 | -4/Cetus | Manufactured an Enhanced Grunt 11953 | -4/Cetus | Manufactured an Enhanced Grunt 11978 | -4/Cetus | Manufactured an Enhanced Grunt 11994 | -4/Cetus | Discovered new exit (range 23) 12019 | -4/Cetus | Spotted Cetus Guard 12019 | -4/Cetus | Spotted Cetus Guard 12019 | -4/Cetus | Spotted Cetus Guard 12019 | -4/Cetus | Spotted Cetus Guard 12029 | -4/Cetus | Allies destroyed Cetus Guard 12038 | -4/Cetus | Discovered new exit (range 24) 12041 | -4/Cetus | Allies destroyed Cetus Guard 12044 | -4/Cetus | Allies destroyed Cetus Guard 12045 | -4/Cetus | Destroyed Cetus Guard 12056 | -4/Cetus | Met Revision 17 12072 | -4/Cetus | Lost 3 allies 12097 | -4/Cetus | Murdered A7 12100 | -4/Cetus | Extracted ID and sensor layout for unrecognized location from A7's data core 12192 | -4/Cetus | Entered Archives 12192 | -4/Archives | Accompanied by 15 allies 12224 | -4/Archives | Discovered new exit (range 23) 12230 | -4/Archives | Discovered new exit (range 22) 12230 | -4/Archives | Discovered new exit (range 18) 12296 | -4/Archives | Entered Hub_04(d) 12296 | -4/Hub_04(d) | Accompanied by 15 allies 12361 | -4/Hub_04(d) | Discovered new exit (range 15) 12398 | -4/Hub_04(d) | Discovered new exit (range 24) 12563 | -4/Hub_04(d) | Network Hub disabled 12565 | -4/Hub_04(d) | Lost 3 allies 12668 | -4/Hub_04(d) | Garrison activated, responded to threat 12678 | -4/Hub_04(d) | Network Hub disabled 12692 | -4/Hub_04(d) | Entered Research 12692 | -3/Research | Evolved 2 slots: Utility x2 12694 | -3/Research | Identified System Mapper 12751 | -3/Research | Spotted B-86 Titan 12778 | -3/Research | Found Prototype Device 12778 | -3/Research | Identified Exp. Thermal Defense Suite 12892 | -3/Research | Revision forces began assault on 0b10 13045 | -3/Research | Central database locked down 13077 | -3/Research | Met up with Revision 17++ 13078 | -3/Research | Found Prototype Device 13078 | -3/Research | Identified Exp. Shield Generator 13108 | -3/Research | Discovered new exit (range 19) 13216 | -3/Research | Found Prototype Device 13216 | -3/Research | Identified Exp. Thermal Shield 13270 | -3/Research | Discovered new exit (range 10) 13328 | -3/Research | Lost 3 parts (2n1w) 13386 | -3/Research | Lost 3 allies 13386 | -3/Research | Identified exit to Armory 13386 | -3/Research | Identified exit to Quarantine 13392 | -3/Research | Research terminal network offline 13582 | -3/Research | Found Imp. Powered Armor 13605 | -3/Research | Entered Armory 13607 | -3/Armory | Identified exit to Research 13867 | -3/Armory | Lost 5 parts (1p2n1u1w) 14038 | -3/Armory | Entered Research 14038 | -2/Research | Warlord forces began assault on 0b10 14038 | -2/Research | Evolved 2 slots: Utility x1, Weapon x1 14041 | -2/Research | Identified exit to Testing 14041 | -2/Research | Identified exit to Access 14063 | -2/Research | Lost 4 parts (1p2u1w) 14091 | -2/Research | Fabricated Cmb. Gravmag System? 14148 | -2/Research | Research machine network offline 14171 | -2/Research | Build established: Hacker-Scout 14568 | -2/Research | Found Prototype Launcher 14568 | -2/Research | Identified Enh. Gamma Bomb Array 14572 | -2/Research | Found Prototype Processor 14572 | -2/Research | Identified Exp. Melee Analysis Suite 14732 | -2/Research | Borebot progress halted 14834 | -2/Research | Borebot progress halted 14860 | -2/Research | Entered Access 14860 | -1/Access | Evolved 2 slots: Power x1, Utility x1 15062 | -1/Access | Unchained authorized (6S-H0T) 15081 | -1/Access | Energy Cycler disabled 15102 | -1/Access | Exiles provided nearest exit location to -1/Command 15179 | -1/Access | Lost 5 allies 15189 | -1/Access | Found Prototype Device 15189 | -1/Access | Identified Exp. EM Shield 15267 | -1/Access | Lost 3 parts (1p2w) 15324 | -1/Access | Lost 3 parts (2u1w) 15622 | -1/Access | Released all parts (8) 15635 | -1/Access | System corruption reached 10% 15641 | -1/Access | Core integrity fell below 50% 15645 | -1/Access | Lost 21 parts (4p5n5u7w) 15660 | -1/Access | Core integrity fell below 20% 15661 | -1/Access | Destroyed by 6S-H0T with 6S-H0T's Six Shooter Last Messages --------------- 15614_ P-80 Master destroyed. 15614_ Adv. Gravity Neutralizer destroyed. 15615_ P-80 Master resets O-32 Director, system corruption cleaned. 15617_ Penetrated by Slug. 15620_ Slug penetrates Wall. 15622_ Released Cmb. Antigrav System+. 15622_ Released Exp. Gyrokinetic Inverter. 15622_ Released Adv. Targeting Computer. 15622_ Released Exp. Gyrokinetic Inverter. 15622_ Released Lrg. Storage Unit. 15622_ Released Spectral Analyzer. 15622_ Released Cmb. Linear Gravjet. 15622_ Released Graphene Brace. 15643_ P-80 Master resets P-80 Master, system corruption cleaned. 15644_ Slammed into K-01 Serf. 15644_ Destabilizing: System corrupted (+1). 15659_ 6S-H0T reloads Prototype Ballistic Gun with 6S-H0T's SS Cartridge. Map ----- +----------------------------------------------------+ | ??????# #??????????????????# + ] # | | ####### #??????????????????# ##+#####???? | | #??????????????????# ## # | | #######+########????????????# ## # | | # #????????????# ## " # | | # #????????????# ## """ # | | # #???########## ## """ # | | # = !#???# ## " ? | | + #???# ## ! # | | # #???# ^ ## ?? | | ###########/######## [! # " ? | | ??????# #! u! # """? # | | ??????# # ! p # """ ??? | | ??????# # + "????? | | ??????# %= ##### pppp# ????? | | ??????# #???# # ?????? | | ??????# * #???# # ?????? | | ??????# =% #???# # ??????? | | ??????# g%[ #???# ########### | | ??????# * #???# # # | | ??????# g g #???#k + # | | ####### l #???# # " # | | / p #???# # """ # | | #######+##+##+########## # """ # | | ??????# # " # | | ??????# @ # # | | ??????# p # ! # | | ?????? ! + " # | | ??????#### p s # """ # | | ??????????[ p sss # """ # | | ??????????! """"" # " # | | ??????????? p """""""" ===# # | | ??????????? """""""" ===# # | | ???????????? """"" ===# # | | ???????????? # # | | ???????????? ########### | | ????????????? #?????????? | | ????????????? #?????????? | | ?????????????? 8 #?????????? | | ?????????????? " " ??????????? | | ??????????????? ??? " " ??????????? | | ??????????????? ??????? ??????????? | | ??????????????? ?????????????????????? | | ?????????????????????????????????????????? | | ?????????????????????????????????????????? | | ?????????????????????????????????????????? | | ?????????????????????????????????????????? | | ?????????????????????????????????????????? | | ?????????????????????????????????????????? | | ?????????????????????????????????????????? | +----------------------------------------------------+ Best States ------------- Heat Dissipation 90 Energy Generation 65 Energy Capacity 850 Matter Stores 800 Matter Capacity 800 Sight Range 24 Terrain Scan Density 10 Jamming Range 16 Cloak Strength 2 Additional Mass Support 16 Armor Coverage 625 Resistance: EM 75 Weapon Shielding 66 Phase Shifting 20 Evasion (%) 89 Targeting Accuracy 28 Core Analysis 6 Recoil Reduction 6 Salvage Targeting 1 Offensive Hacking 34 Defensive Hacking 20 Authchip Count 2 Item Schematics ----------------- Powered Armor | -7/Factory | Scanalyzed Cmb. Gravmag System | -3/Research | Hacked Cld. Gravmag System | -3/Research | Scanalyzed Centrium Medium Armor Plating | -3/Research | Scanalyzed Exp. Cooling System | -3/Research | Scanalyzed Adv. Force Field | -3/Research | Scanalyzed Imp. Powered Armor | -3/Research | Scanalyzed Lrn. Tractor Beam | -3/Research | Scanalyzed Exp. Shield Generator | -3/Research | Scanalyzed Adv. Reaction Control System | -3/Research | Scanalyzed Adv. Transmission Jammer | -3/Research | Scanalyzed Robot Schematics ------------------ None Fabricated ------------ Powered Armor | x2 | -7/Factory | Preloaded Cmb. Gravmag System | x2 | -2/Research | Authchip Repaired ---------- Powered Armor | 17% | -6/Factory Cmb. Airjet | 17% | -4/Extension Studied --------- Remote Datajack | -7/Factory | Hacked Cmb. Airjet | -6/Factory | Hacked Imp. Gravmag System | -6/Factory | Hacked Gravmag Array | -5/Factory | Hacked Cmb. Antigrav System | -2/Research | Hacked Alien Tech Used ----------------- None Achievements -------------- None Challenges ------------ None Game ------ Seed RefineryDrainedPerforator Manual? 0 Play Time 04:41:22 Cumulative 447.1 hours Start 2025.10.26 @ 20:04:00 End 2025.10.27 @ 01:45:27 Sessions 1 Manual Loads 0 Difficulty Rogue Special Mode None Game No. 235 Rogue 235 Adventurer 0 Explorer 0 Win Type - Total 20 Types 12/1/5/1/0/0/0/1/0/0 Lore% 91 Gallery% 85 Achievement% 76 Wizard Run 0 Options --------- Layout 2 ASCII 0 Keyboard 1 Movement Vi Keybinds 0 Fullscreen 1 Font 28/Terminus Map View 50x52 Zoom Use 0% Tactical HUD 1 Map Filters NONE Filters NONE Steam 1 RUN: 729ecadb-127c-4b71-8ac3-b11ef72dcae7